AoeStats
← theclaydude

Hideout

509283062Analyzed
1v1 RM · 6d ago on Sep 26, 2026· 28m 25s· 2 players
Game mode
Random Map
Map size
Tiny (2 player)
Population
200
Speed
Normal
Resources
Standard
Victory
Conquest
Starting age
Dark Age
Ending age
Imperial Age
RankedLock teamsTeams togetherTeam positionsShared explorationLock speedFull tech treeHidden civsTurbo modeCheats
Victory
Defeat
🇺🇸 Romans · United States
963
+17
🇺🇸 Franks · United States
987
-17
HiroNakamura152
10:34 Feudal Age
9:21 Loom
15:50 Castle Age
14:44 Double-Bit Axe
15:34 Horse Collar
24:18 Pikeman
25:26 Bloodlines
25:48 Stone Mining
27:46 Forging
theclaydude
8:37 Loom
11:52 Feudal Age
15:55 Castle Age
14:16 Double-Bit Axe
18:42 Bow Saw
24:09 Gold Mining
24:49 Fletching
26:02 Husbandry
26:30 Pikeman
27:13 Squires
28:30 Wheelbarrow
Connection lost

Rejoining the realm…

Still unreachable

The connection could not be restored.

Session expired

The server has moved on; the page needs a fresh start.